 Dungeon Crawl Stone Soup version 0.28-a0-313-gbc0475efdd (webtiles) character file.

Game seed: 8138683254511421151

32 Demosthentine the Poker (level 3, 0/28 HPs)
             Began as a Merfolk Gladiator on Aug 31, 2021.
             Succumbed to an adder's poison
             ... on level 2 of the Dungeon.
             The game lasted 00:01:06 (1056 turns).

Demosthentine the Poker (Merfolk Gladiator)         Turns: 1056, Time: 00:01:07

Health: 0/28       AC:  4    Str: 15    XL:     3   Next: 27%
Magic:  3/3        EV: 13    Int: 10    God:
Gold:   0          SH:  0    Dex: 15    Spells: 2/2 levels left

rFire   . . .      SeeInvis .   a - +0 trident
rCold   . . .      Faith    .   (no shield)
rNeg    . . .      Spirit   .   b - +0 leather armour
rPois   .          Reflect  .   e - +0 helmet {Int+3}
rElec   .          Harm     .   (no cloak)
rCorr   .          Rampage  .   (no gloves)
Will    .....                   (no boots)
Stlth   +.........              (no amulet)
HPRegen 0.09/turn               (no ring)
MPRegen 0.08/turn               (no ring)

@: lethally poisoned (0 -> -1)
A: (nimble swimmer 2), mertail
a: no special abilities


You were on level 2 of the Dungeon.
You visited 1 branch of the dungeon, and saw 2 of its levels.

Inventory:

Hand Weapons
 a - a +0 trident (weapon)
Missiles
 d - 3 throwing nets (quivered)
Armour
 b - a +0 leather armour (worn)
 e - a +0 helmet of intelligence (worn)
Jewellery
 c - a ring of magical power
 f - a ring of protection from cold


   Skills:
 + Level 2.7 Fighting
 + Level 4.9 Polearms
 - Level 2.0 Throwing
 + Level 0.7 Armour
 + Level 4.5 Dodging


You had 2 spell levels left.
You didn't know any spells.
Your spell library was empty.

Dungeon Overview and Level Annotations

Branches:
Dungeon (2/15)

Altars:


Innate Abilities, Weirdness & Mutations

((You are quick and stealthy near water. (Stealth+, EV+, Speed+++)))
Your lower body shifts to a powerful aquatic tail in water.


Message History

The adder is lightly wounded.
The adder completely misses you.
You hit the adder.
The adder is moderately wounded.
The adder closely misses you.
You hit the adder.
The adder is heavily wounded.
The adder barely misses you. x2
You barely miss the adder.
The adder is heavily wounded.
The adder bites you.
* * * LOW HITPOINT WARNING * * *
You are lethally poisoned!
The adder poisons you!
You puncture the adder!
You kill the adder!
* * * LOW HITPOINT WARNING * * *
You feel sick. The ball python completely misses you.
The ball python closely misses you.
You have reached level 3!
Your experience leads to an increase in your attributes!
Your base attributes are Str 14, Int 7, Dex 15.
Increase (S)trength, (I)ntelligence, or (D)exterity?
You feel stronger.
You puncture the ball python!
You kill the ball python!
* * * LOW HITPOINT WARNING * * *
You feel sick.
You puncture the endoplasm!
You kill the endoplasm!
* * * LOW HITPOINT WARNING * * *
You feel sick.
The kobold throws a stone.
The stone hits you but does no damage.
You hit the endoplasm.
The endoplasm is lightly wounded.
* * * LOW HITPOINT WARNING * * *
You feel sick. The endoplasm barely misses you.
You puncture the endoplasm!
You kill the endoplasm!
You die...

.# #.......J.....#
.+ #...#.#..####.#
.####...#.K.....#.#
........##.#.#..#.#
#.......##...#S.#.#
#.......###..#Kr#.#
######### #..#†##.#
####.#.##.#
+...>.K†@.#
####..##### #..
.... ####. ##


You could see a kobold.

Vanquished Creatures
  An adder (D:2)
  A bat (D:1)
  5 endoplasms
  A goblin (D:1)
  2 hobgoblins (D:1)
  2 quokkas (D:1)
  2 ball pythons
  3 frilled lizards
  4 kobolds (D:1)
  3 rats
24 creatures vanquished.

Notes
Turn   | Place    | Note
-------+----------+-------------------------------------------
     0 | D:1      | Demosthentine the Merfolk Gladiator began the quest for the
                  | Orb.
     0 | D:1      | Reached XP level 1. HP: 16/16 MP: 1/1
   287 | D:1      | Reached XP level 2. HP: 23/23 MP: 2/2
  1053 | D:2      | Reached XP level 3. HP: 4/28 MP: 3/3
  1055 | D:2      | HP: 1/28 [poisoned by an adder]
  1056 | D:2      | Succumbed to an adder's poison

Illustrated notes

Levels and vault maps discovered:
D:1:      evilmike_arrival_fibonacci_small, layout_loops_ring,
          minmay_split_cup_small
D:2:      layout_basic, shapermc_ecumenical_altar_gd, kennysheep_donut,
          uniq_jessica

Action                   || total
-------------------------++-------
Melee: Trident           ||    81
  Use: Scroll            ||     1
 Stab: Sleeping          ||     1
Armor: Leather armour    ||    14
Dodge: Dodged            ||    80

Table legend: (Time is in decaauts)
 A = Elapsed time spent in this place.
 B = Non-inter-level travel time spent in this place.
 C = Inter-level travel time spent in this place.
 D = Time resting spent in this place.
 E = Time spent auto-exploring this place.
 F = Levels seen in this place.
 G = Mean time per level.
                   A        B        C        D        E       F      G
               +--------+--------+--------+--------+--------+-----+--------+
         Total |   1060 |   1034 |     26 |      0 |    812 |   2 |  530.0 |
       Dungeon |   1060 |   1034 |     26 |      0 |    812 |   2 |  530.0 |
               +--------+--------+--------+--------+--------+-----+--------+

Top non-repeatable levels by time:
     D:1: 1000 daAuts
     D:2: 60 daAuts
